 Dungeon Crawl Stone Soup version 0.32-a0-871-ge202e49faa (webtiles) character file.

Game seed: 530515978392496034

376 fpsbossfight the Insei (level 7, -2/51 HPs)
             Began as a Djinni Shapeshifter on Mar 29, 2024.
             Was a Priest of Uskayaw.
             Slain by a sky beast (6 damage)
             ... on level 5 of the Dungeon.
             The game lasted 00:06:02 (3010 turns).

fpsbossfight the Insei (Djinni Shapeshifter)        Turns: 3010, Time: 00:06:03

Health: -2/51      AC:  5    Str: 13    XL:     7   Next: 3%
Gold:   146        EV: 10    Int: 12    God:    Uskayaw [***...] SH:  0 Dex: 14

rFire   + +          .
                       - Unarmed
rCold   x . .        (no shield)
rNeg    . . .        i - +0 ring mail
rPois   ∞            (helmet currently unavailable)
rElec   .            (cloak currently unavailable)
rCorr   .            (gloves currently unavailable)
SInv    .            (boots unavailable)
Will    .....        (no amulet)
Stlth   +            (no ring)
HPRegen 0.28/turn    (no ring)
MPRegen 0.00/turn

%: infuse magic (-3 HP)
@: beast-form, flying
A: beast (slay +1), flying, sickness immunity, fire resistance 2, cold
vulnerability 1, float, innate caster, HP casting, extra vitality 1
a: Begin Untransformation, Renounce Religion, Stomp, Line Pass


You were on level 5 of the Dungeon.
You worshipped Uskayaw.
Uskayaw was noncommittal.
You were a hulking beast.
You visited 2 branches of the dungeon, and saw 6 of its levels.

You collected 146 gold pieces.

Inventory:

Armour
 g - a +0 helmet
   (You found it on level 1 of the Dungeon)
 i - a +0 ring mail (worn)
   (You found it on level 1 of the Dungeon)
Talismans
 c - a beast talisman (active)
 d - a flux talisman
Wands
 h - a wand of quicksilver (4)
   (You found it on level 3 of the Dungeon)
 y - a wand of roots (11)
   (You found it on level 4 of the Dungeon)
Scrolls
 a - a scroll of fog
 f - a scroll of enchant armour {unknown}
 l - a scroll of vulnerability {!r}
 m - a scroll of brand weapon {unknown}
 o - 2 scrolls of noise {!r}
 p - a scroll of immolation {unknown}
 q - a scroll of amnesia
 r - a scroll of enchant weapon {unknown}
 s - a scroll of fear
 t - a scroll of silence {unknown}
 u - a scroll of revelation {unknown}
 w - a scroll of butterflies {unknown}
 x - a scroll of teleportation {unknown}
Potions
 b - a potion of lignification {!q}
 e - a potion of degeneration {!q}
 j - 3 potions of heal wounds {@q2}
 k - a potion of invisibility
 n - a potion of might
 v - a potion of enlightenment
 z - a potion of ambrosia {unknown}


   Skills:
 + Level 3.8 Fighting
 - Level 2.1 Dodging
 * Level 6.2 Unarmed Combat
 - Level 2.6 Shapeshifting


You knew the following spells:

 Your Spells              Type           Power      Damage    Failure   Level
a - Summon Small Mammal   Summ           0%         N/A       58%         1
b - Ensorcelled Hibernat  Hex/Ice        0%         N/A       73%         2
c - Passwall              Erth           0%         N/A       91%         3
Your spell library was empty.

Dungeon Overview and Level Annotations

Branches:
Dungeon (5/15)             Temple (1/1) D:4

Altars:
Ashenzari
Cheibriados
Dithmenos
Elyvilon
Fedhas
Hepliaklqana
Makhleb
Nemelex Xobeh
Okawaru
Qazlal
Ru
Uskayaw
Wu Jian
Yredelemnul
Zin
The Shining One

Annotations:
D:3 1 runed translucent door, zurenarrh's ghost, amateur MDGl


Innate Abilities, Weirdness & Mutations

You are a hulking beast.
Your limbs bulge with bestial killing power. (Slay +1)
You are flying.
You are immune to sickness and miasma.
You are immune to poison.
Your flesh is very heat resistant. (rF++)
You are vulnerable to cold. (rC-)
You float through the air rather than walking.
You learn spells naturally, not from books.
Your magical power is your life essence.
You have superior vitality. (+4 MHP)


Message History

You completely miss the gnoll. Your punch misses the gnoll.
The gnoll hits you with a +0 spear.
You take 3 damage, and have 26/51 hp.
The gnoll closely misses you.
The sky beast flickers out of sight!
Deactivating autopickup; reactivate with Ctrl-A.
Uskayaw will no longer force your foes to helplessly watch your dance.
Things that are here:
a +0 club; a +0 robe; a gnoll corpse You miss something.
The gnoll hits you from afar with a +0 spear.
* * * LOW HITPOINT WARNING * * *
Something hits you.
* * * LOW HITPOINT WARNING * * *
Something shocks you.
* * * LOW HITPOINT WARNING * * *
You take 11 damage, and have 16/51 hp.
MASSIVE DAMAGE!!
Press: ? - help, Dir - move target
Okay, then.
You stomp with the beat, sending a shockwave through the revellers around you!
You can no longer pass through a line of other dancers.
The gnoll hits you from afar with a +0 spear.
* * * LOW HITPOINT WARNING * * *
Something hits you but does no damage.
You can now pass through a line of other dancers.
You take 4 damage, and have 12/51 hp.
Press: ? - help, Shift-Dir - straight line, f - gnoll
Aim: a gnoll, wielding a +0 spear (75% to hit)
The bolt of dispelling energy hits the gnoll!
You kill the gnoll!
Something hits you.
* * * LOW HITPOINT WARNING * * *
Something shocks you.
* * * LOW HITPOINT WARNING * * *
You take 8 damage, and have 4/51 hp.
Press: ? - help, Shift-Dir - straight line, f - you That would be overly suicidal.
Okay, then.
Press: ? - help, Shift-Dir - straight line The roots erupt in riotous growth!
Roots grab something.
The grasping roots constrict something!
Something hits you but does no damage.
Uskayaw will force your foes to helplessly watch your dance.
The grasping roots constrict something.
Something hits you.
* * * LOW HITPOINT WARNING * * *
Something shocks you.
You die...
Your body falls in perfect tune with the rhythm.

....... #
....... .
####.#.....
...##..<.......
# #............
#. #.# #)#
#.###.# #.#
#....###)#
#.#...h.#
#.#.########
#.......#..
##..###.#.#
#..# #.#.# # #
#..###.#)###..#
##............#
######
#######.####.#
#..... #.# #.#
#.####


There were no monsters in sight!

Vanquished Creatures
  A hound (D:4)
  An orc priest (D:4)
  2 gnoll boudas
  An iguana (D:3)
  An orc wizard (D:4)
  9 gnolls
  3 adders
  2 dart slugs
  20 orcs
  10 ball pythons
  4 endoplasms
  3 giant cockroaches
  2 goblins
  4 hobgoblins
  2 jackals (D:1)
  4 kobolds
  3 quokkas
  4 bats
  2 frilled lizards
  2 rats
80 creatures vanquished.

Notes
Turn   | Place    | Note
-------+----------+-------------------------------------------
     0 | D:1      | fpsbossfight the Djinni Shapeshifter began the quest for
                  | the Orb.
     0 | D:1      | Reached XP level 1. HP: 17/17 MP: 0/0
   232 | D:1      | Reached XP level 2. HP: 19/22 MP: 0/0
   256 | D:1      | Found a faded altar of an unknown god.
   475 | D:1      | Reached XP level 3. HP: 28/28 MP: 0/0
   475 | D:1      | Learned a level 1 spell: Summon Small Mammal
   566 | D:1      | You are sucked into a shaft and drop 1 floor!
   937 | D:2      | Reached skill level 4 in Unarmed Combat
  1084 | D:2      | Reached XP level 4. HP: 30/33 MP: 0/0
  1245 | D:3      | Found a runed translucent door.
  1249 | D:3      | Noticed zurenarrh's ghost (amateur MDGl)
  1493 | D:3      | Reached XP level 5. HP: 15/39 MP: 0/0
  1493 | D:3      | Learned a level 2 spell: Ensorcelled Hibernation
  1936 | D:4      | Found a staircase to the Ecumenical Temple.
  1953 | Temple   | Entered the Ecumenical Temple
  1962 | Temple   | Became a worshipper of Uskayaw the Reveller
  2028 | D:4      | Reached * piety under Uskayaw
  2031 | D:4      | Reached ** piety under Uskayaw
  2032 | D:4      | Reached skill level 5 in Unarmed Combat
  2040 | D:4      | Reached *** piety under Uskayaw
  2046 | D:4      | Reached XP level 6. HP: 20/46 MP: 0/0
  2818 | D:5      | Entered Level 5 of the Dungeon
  2955 | D:5      | Reached skill level 6 in Unarmed Combat
  2998 | D:5      | Noticed a sky beast
  3001 | D:5      | Reached XP level 7. HP: 33/51 MP: 0/0
  3001 | D:5      | Learned a level 3 spell: Passwall
  3010 | D:5      | Slain by a sky beast

Illustrated notes

Levels and vault maps discovered:
D:1:      dpeg_arrival_arbitrary_a, layout_basic,
          hellmonk_ecumenical_altar_dog_temple, nrook_loot_triangle,
          amcnicky_mini_rare_corridor_liquid
D:2:      layout_basic, minmay_cut_off
D:3:      layout_basic, ebering_ghost_sewer_d, chequers_serial_rivers_micro_c
D:4:      layout_loops_ring, minmay_temple_entry_nine_rooms
D:5:      layout_loops_ring, nicolae_ossuary_entry_plus, serial_shops, shop,
          minmay_misc_feat_pillars, minmay_misc_feat_cross,
          amcnicky_mini_pool_small, chequers_serial_rivers_small_a
Temple:   nicolae_temple_bog_church

Skill      XL: |  1  2  3  4  5  6 |
---------------+-------------------+-----
Fighting       | 2 3 |  3.8
Unarmed Combat | 4 5 6 |  6.2
Dodging        | |  2.1
Shapeshifting  | |  2.6

Action                     |  1- 3 |  4- 6 |  7- 9 || total
---------------------------+-------+-------+-------++-------
  Melee: Unarmed           |   100 |   159 |     3 ||   262
         Punch             |     3 |     4 |       ||     7
 Invoke: Line Pass         |       |     1 |       ||     1
         Stomp             |       |       |     1 ||     1
  Evoke: Wand              |       |     4 |     2 ||     6
    Use: Scroll            |       |     9 |       ||     9
         Potion            |       |     1 |       ||     1
   Stab: Sleeping          |     1 |       |       ||     1
         Paralysed         |       |     2 |       ||     2
         Confused          |       |     1 |       ||     1
 Armour: Animal skin       |    31 |       |       ||    31
         Ring mail         |    46 |    86 |     9 ||   141
  Dodge: Dodged            |    41 |    62 |     2 ||   105

Table legend: (Time is in decaauts)
 A = Elapsed time spent in this place.
 B = Non-inter-level travel time spent in this place.
 C = Inter-level travel time spent in this place.
 D = Time resting spent in this place.
 E = Time spent auto-exploring this place.
 F = Levels seen in this place.
 G = Mean time per level.
                   A        B        C        D        E       F      G
               +--------+--------+--------+--------+--------+-----+--------+
         Total |   2986 |   2896 |     90 |    192 |   2067 |   6 |  497.7 |
       Dungeon |   2967 |   2886 |     81 |    192 |   2067 |   5 |  593.4 |
        Temple |     18 |      9 |      9 |      0 |      0 |   1 |   18.0 |
               +--------+--------+--------+--------+--------+-----+--------+

Top non-repeatable levels by time:
     D:4: 875 daAuts
     D:3: 725 daAuts
     D:2: 615 daAuts
     D:1: 563 daAuts
     D:5: 188 daAuts
  Temple: 18 daAuts
